 Dungeon Crawl Stone Soup version 0.30.1-11-g7821555f0a (webtiles) character file.

Game seed: 2884375235074984397

340 Peloso the Covered (level 6, -3/55 HPs)
             Began as a Minotaur Fighter on Dec 15, 2023.
             Killed from afar by an orc wizard (9 damage)
             ... with a magic dart
             ... on level 4 of the Dungeon.
             The game lasted 00:04:45 (2872 turns).

Peloso the Covered (Minotaur Fighter)               Turns: 2872, Time: 00:04:45

Health: -3/55      AC: 11    Str: 20    XL:     6   Next: 30%
Magic:  5/5        EV:  8    Int:  5    God:
Gold:   221        SH:  5    Dex: 12    Spells: 5/5 levels left

rFire   + . .        a - +0 long sword
rCold   . . .        d - +0 buckler
rNeg    . . .        c - +0 chain mail {rF+}
rPois   +            (helmet restricted)
rElec   .            (no cloak)
rCorr   .            (no gloves)
SInv    .            l - +0 pair of boots
Will    .....        (no amulet) Stlth
                     f - ring of poison resistance
HPRegen 0.29/turn    (no ring)
MPRegen 0.09/turn

%: no passive effects
@: no status effects
A: horns 2, retaliatory headbutt
a: no special abilities


You were on level 4 of the Dungeon.
You visited 1 branch of the dungeon, and saw 4 of its levels.

You collected 221 gold pieces.

Inventory:

Hand Weapons
 a - a +0 long sword (weapon)
Armour
 b - a +0 scale mail
 c - a +0 chain mail of fire resistance (worn)
 d - a +0 buckler (worn)
 l - a +0 pair of boots (worn)
Jewellery
 f - a ring of poison resistance (left hand)
 q - an amulet of faith
 u - a ring of resist corrosion
Wands
 r - a wand of charming (3)
Scrolls
 g - 2 scrolls of identify
 k - a scroll of butterflies {unknown}
 m - a scroll of teleportation {unknown}
 n - a scroll of fog {unknown}
 o - a scroll of fear
 p - a scroll of torment {unknown}
Potions
 e - 2 potions of lignification
 h - 2 potions of flight
 j - 2 potions of might
 s - a potion of haste {unknown}
 t - a potion of mutation {unknown}


   Skills:
 + Level 4.8 Fighting
 + Level 5.0 Long Blades
 + Level 5.6 Armour
 + Level 0.6 Dodging
 + Level 0.1 Stealth
 + Level 4.7 Shields


You had 5 spell levels left.
You didn't know any spells.
Your spell library contained the following spells:

 Spells                   Type           Power      Damage    Failure   Level
 Necrotise                Necr           0%         1d4       99%         1
 Vampiric Draining        Necr           0%         2d6       100%        3
 Agony                    Necr           0%         N/A       100%        5


Dungeon Overview and Level Annotations

Branches:
Dungeon (4/15)
 Temple: D:4-7

Altars:
Trog
Vehumet

Shops:
D:1 ==


Innate Abilities, Weirdness & Mutations

You have a pair of horns on your head.
You reflexively headbutt those who attack you in melee.


Message History

The orc wizard hits you but does no damage.
Something hits you but does no damage.
Unknown command.
You hit the orc wizard but do no damage.
The orc wizard is heavily wounded.
You feel less confused. You block the orc wizard's attack. Something hits you.
* * * LOW HITPOINT WARNING * * *
Something hits you.
* * * LOW HITPOINT WARNING * * *
You block the orc wizard's attack.
You completely miss the orc wizard.
The orc wizard is heavily wounded.
The orc wizard closely misses you.
You hear some strange, mumbled words.
A puff of flame appears from out of thin air!
The puff of flame hits you but does no damage.
Unknown command.
You hit the orc wizard but do no damage.
Your headbutt misses the orc wizard.
The orc wizard is heavily wounded.
The orc wizard gestures at you while chanting.
The magic dart hits you.
* * * LOW HITPOINT WARNING * * *
You hear some strange, mumbled words.
Something tries to affect you, but you resist.
You slash the orc wizard!
You kill the orc wizard!
Something hits you but does no damage.
Your Long Blades skill increases to level 5!
Unknown command.
You barely miss something. You headbutt something.
You hear some strange, mumbled words.
Something tries to affect you, but you resist.
Unknown command.
You closely miss something.
You hear some strange, mumbled words.
A magic dart appears from out of thin air!
The magic dart hits you!
You die...

#....##+# ..###.o.###..###
#....+..# ..........#....
#....#..# .......o..#...
#....#..# ..(.......#..
###....##.# ##.####..##.#
##.###'###.#########..##.#
#............#...........#
###............#.{.).......+
...............#@).........# .
#.##..##..##...#######'#####...
...#+###..##...####.##.#.....#
#......................'.....#
.##....................#.....#
. ##...................#.....+
. #.#..................#.....#
...##..#####..##########.....#
.#. ##..# #'# ..####


There were no monsters in sight!

Vanquished Creatures
  A scorpion (D:4)
  A howler monkey (D:4)
  A hound (D:4)
  2 iguanas (D:4)
  2 orc wizards (D:4)
  4 adders
  A gnoll (D:4)
  2 dart slugs
  5 orcs
  2 endoplasms
  3 giant cockroaches
  8 goblins
  9 hobgoblins
  A quokka (D:4)
  4 ball pythons
  3 bats
  4 frilled lizards
  5 kobolds
  4 rats
62 creatures vanquished.

Notes
Turn   | Place    | Note
-------+----------+-------------------------------------------
     0 | D:1      | Peloso the Minotaur Fighter began the quest for the Orb.
     0 | D:1      | Reached XP level 1. HP: 19/19 MP: 0/0
   353 | D:1      | Reached XP level 2. HP: 27/27 MP: 1/1
   567 | D:1      | Found Xachogop's Jewellery Shoppe.
   767 | D:1      | Found Doakhi Dadi's Jewellery Shoppe.
  1235 | D:2      | Reached XP level 3. HP: 24/33 MP: 2/2
  1913 | D:3      | Reached XP level 4. HP: 38/40 MP: 3/3
  2417 | D:4      | Found a radiant altar of Vehumet.
  2460 | D:4      | Reached skill level 5 in Armour
  2515 | D:4      | Reached XP level 5. HP: 45/46 MP: 4/4
  2520 | D:4      | Found a bloodstained altar of Trog.
  2564 | D:4      | Reached XP level 6. HP: 15/53 MP: 5/5
  2871 | D:4      | Reached skill level 5 in Long Blades
  2872 | D:4      | Killed from afar by an orc wizard

Illustrated notes

Levels and vault maps discovered:
D:1:      ebering_hopf_link, layout_loops_corners, serial_shops,
          nicolae_shop_rolling_square, shop
D:2:      layout_basic
D:3:      layout_basic
D:4:      layout_gridville, mainiacjoe_overflow_boulevard,
          mainiacjoe_overflow_brackets, minmay_ruined_shrine

Skill      XL: |  1  2  3  4  5  6 |
---------------+-------------------+-----
Shields        | 4 |  4.7
Armour         | 4 5 |  5.6
Fighting       | 4 |  4.8
Long Blades    | 3 4 5 |  5.0
Dodging        | |  0.6
Stealth        | |  0.1

Action                     |  1- 3 |  4- 6 || total
---------------------------+-------+-------++-------
  Melee: Long sword        |    81 |   112 ||   193
         Headbutt          |     9 |    13 ||    22
  Evoke: Wand              |       |     1 ||     1
    Use: Potion            |     1 |     2 ||     3
         Scroll            |       |     3 ||     3
 Armour: Scale mail        |    20 |       ||    20
         Chain mail        |    34 |   110 ||   144
  Dodge: Dodged            |    39 |    38 ||    77
  Block: Buckler           |    22 |    22 ||    44
